 Dungeon Crawl Stone Soup version 0.31-a0-799-g6bc09d010c (webtiles) character file.

Game seed: 12509023466336555574

30 arthad the Firebug (level 3, -6/19 HPs)
             Began as a Deep Elf Fire Elementalist on Sept 19, 2023.
             Killed themself with a badly aimed concussive blast (16 damage)
             ... on level 2 of the Dungeon.
             The game lasted 00:02:31 (1738 turns).

arthad the Firebug (Deep Elf Fire Elementalist)     Turns: 1738, Time: 00:02:32

Health: -6/19      AC:  3    Str:  5    XL:     3   Next: 3%
Magic:  3/9        EV: 13    Int: 27    God:
Gold:   88         SH:  0    Dex: 15    Spells: 2/8 levels left

rFire   . . .        (no weapon)
rCold   . . .        (no shield)
rNeg    . . .        a - +0 robe
rPois   .            (no helmet)
rElec   .            (no cloak)
rCorr   .            d - +0 pair of gloves
SInv    .            (no boots)
Will    .....        (no amulet)
Stlth   ++           f - +6 ring of intelligence
HPRegen 0.23/turn    (no ring)
MPRegen 0.11/turn

%: no passive effects
@: no status effects
A: no striking features
a: no special abilities


You were on level 2 of the Dungeon.
You visited 1 branch of the dungeon, and saw 2 of its levels.

You collected 88 gold pieces.

Inventory:

Missiles
 i - 6 poisoned darts
 m - a boomerang
Armour
 a - a +0 robe (worn)
 d - a +0 pair of gloves (worn)
 l - the +1 leather armour of the Red God {rElec rPois rCorr Str-3}
   (You found it on level 2 of the Dungeon)

   Str-3:     It affects your strength (-3).
   rElec:     It insulates you from electricity.
   rPois:     It protects you from poison rCorr: It protects you from acid and
   corrosion.
Jewellery
 f - a +6 ring of intelligence (left hand)
Scrolls
 h - a scroll of blinking {unknown}
 j - 2 scrolls of identify {unknown}
Potions
 b - a potion of magic
 c - 3 potions of curing {unknown}
 e - a potion of cancellation {unknown}
 g - a potion of mutation {unknown}
 k - a potion of lignification {unknown}


   Skills:
 + Level 2.9 Dodging
 + Level 3.0 Stealth
 + Level 3.4 Spellcasting
 + Level 1.7 Conjurations
 + Level 3.6 Fire Magic


You had 2 spell levels left.
You knew the following spells:

 Your Spells              Type           Power      Damage    Failure   Level
a - Foxfire               Conj/Fire      76%        2x1d7     2%          1
b - Scorch                Fire           48%        2d7       3%          2
c - Volatile Blastmotes   Fire/Tloc      28%        2d12      12%         3

Your spell library contained the following spells:

 Spells                   Type           Power      Damage    Failure   Level
 Apportation              Tloc           8%         N/A       9%          1
 Necrotise                Necr           16%        1d4       9%          1
 Summon Small Mammal      Summ           16%        N/A       9%          1
 Inner Flame              Hex/Fire       14%        N/A       12%         3
 Flame Wave               Conj/Fire      19%        2d7       28%         4


Dungeon Overview and Level Annotations

Branches:
Dungeon (2/15)

Altars:

Annotations:
D:2 Terence


Message History

The rat is heavily wounded.
The foxfire hits the rat.
You kill the rat!
You see here a rat corpse.
Found a trident.
You see here a +0 trident.
You see here a rat corpse.
You see here a rat corpse.
c - 3 fizzy red potions (gained 1)
You open the door.
Terence the Incautious comes into view.
He is wielding a +2 short sword of electrocution and wearing a +3 chain mail of poison resistance.
Terence is nearby!
You start memorising the spell.
You continue memorising. x2
You finish memorising.
Spell assigned to 'b'.
This spell is extremely dangerous to cast!
You start memorising the spell.
You continue memorising. x3
You finish memorising.
Spell assigned to 'c'.
You conjure some foxfire!
Casting: Foxfire (safe; 2% risk of failure)
Confirm with . or Enter, or press ? or * to list all spells.
You can't see any susceptible monsters within range! (Use Z to cast anyway.)
The foxfire hits Terence but does no damage.
Terence shouts!
You hear a shout!
Casting: Foxfire (safe; 2% risk of failure)
Confirm with . or Enter, or press ? or * to list all spells.
Flames lash Terence.
Terence is lightly wounded.
Terence's fire resistance burns away.
Terence is no longer more vulnerable to fire.
Terence attacks as he pursues you!
Terence hits you with a +2 short sword of electrocution.
Casting: Scorch (safe; 3% risk of failure)
Confirm with . or Enter, or press ? or * to list all spells.
A cloud of volatile blastmotes flares up around you!
Terence hits you with a +2 short sword of electrocution!
The cloud of blastmotes explodes!
The concussive blast engulfs Terence!
Terence is severely wounded.
The concussive blast engulfs you!
Ouch! That really hurt!
You die...

...<...# #...#
##.....# ###.#
.......# #.#
.#.....#######.#
.#...........#.#
.#####.#####.#.#
.# #.##......#
.##
#.##.##.#.####
..# #.##
#.#..@.# #.# ###
#######@# #.###
......#.# ....#
......'.# ..#.#
#####.### ....#
... .#### ##.
....# #. ##### #


You could see Terence.

Vanquished Creatures
  A worm (D:2)
  An orc (D:2)
  2 endoplasms (D:1)
  5 goblins
  3 hobgoblins
  A quokka (D:2)
  2 ball pythons
  2 bats (D:1)
  2 frilled lizards (D:2)
  2 kobolds (D:1)
  5 rats
26 creatures vanquished.

Vanquished Creatures (others)
  81 foxfires
81 creatures vanquished.

Grand Total: 107 creatures vanquished

Notes
Turn   | Place    | Note
-------+----------+-------------------------------------------
     0 | D:1      | arthad the Deep Elf Fire Elementalist began the quest for
                  | the Orb.
     0 | D:1      | Reached XP level 1. HP: 10/10 MP: 6/6
   316 | D:1      | Reached XP level 2. HP: 15/15 MP: 4/8
  1202 | D:2      | Identified the +1 leather armour of the Red God {rElec
                  | rPois rCorr Str-3}
  1419 | D:2      | Reached XP level 3. HP: 19/19 MP: 5/9
  1711 | D:2      | Noticed Terence
  1722 | D:2      | Learned a level 2 spell: Scorch
  1726 | D:2      | Learned a level 3 spell: Volatile Blastmotes
  1738 | D:2      | Killed themself with a badly aimed concussive blast

Illustrated notes

Levels and vault maps discovered:
D:1:      minmay_arrival_split_and_join, layout_basic
D:2:      layout_loops_cross, shapermc_ecumenical_altar_petra,
          kennysheep_small_spiral, minmay_misc_feat_rugged,
          nicolae_concentric_dashed_squares_wild, grunt_ministairs_3,
          uniq_terence

Skill      XL: |  1  2 |
---------------+-------+-----
Stealth        | 3 |  3.0
Dodging        | |  2.9
Spellcasting   | |  3.4
Conjurations   | |  1.7
Fire Magic     | |  3.6

Action                     || total
---------------------------++-------
  Melee: Unarmed           ||     2
   Cast: Foxfire           ||    50
         Scorch            ||     1
         Volatile Blastmot ||     1
 Armour: Robe              ||     7
  Dodge: Dodged            ||     8

Table legend: (Time is in decaauts)
 A = Elapsed time spent in this place.
 B = Non-inter-level travel time spent in this place.
 C = Inter-level travel time spent in this place.
 D = Time resting spent in this place.
 E = Time spent auto-exploring this place.
 F = Levels seen in this place.
 G = Mean time per level.
                   A        B        C        D        E       F      G
               +--------+--------+--------+--------+--------+-----+--------+
         Total |   1737 |   1714 |     23 |      0 |   1528 |   2 |  868.5 |
       Dungeon |   1737 |   1714 |     23 |      0 |   1528 |   2 |  868.5 |
               +--------+--------+--------+--------+--------+-----+--------+

Top non-repeatable levels by time:
     D:2: 894 daAuts
     D:1: 843 daAuts
